 Dungeon Crawl Stone Soup version 0.20-a0-502-g555d78b (console) character file.

100 zxpr0jk the Slasher (level 4, -2/40 HPs)
             Began as a Draconian Berserker on Jan 21, 2017.
             Was a Believer of Trog.
             Slain by Sigmund
             ... wielding a +1 scythe of flaming
              (3 damage)
             ... on level 2 of the Dungeon.
             The game lasted 00:03:11 (1487 turns).

zxpr0jk the Slasher (Draconian Berserker)           Turns: 1487, Time: 00:03:12

Health: -2/40      AC:  5    Str: 19    XL:     4   Next: 46%
Magic:  4/4        EV: 13    Int:  7    God:    Trog [**....]
Gold:   106        SH:  0    Dex: 12    Spells: 3/3 levels left

rFire    . . .     SeeInvis .   a - +0 falchion
rCold    . . .     Gourm    .   (armour unavailable)
rNeg     . . .     Faith    .   (no shield)
rPois    .         Spirit   .   (helmet restricted)
rElec    .         Reflect  .   (no cloak)
rCorr    .         Harm     .   (no gloves)
MR       .....                  (no boots)
Stlth    +.........             (no amulet)
Regen    0.2/turn               (no ring)
                                (no ring)

@: exhausted, slowed, very slow
A: unfitting armour, cold-blooded, AC +5
a: Berserk, Trog's Hand, Burn Spellbooks, Renounce Religion


You were on level 2 of the Dungeon.
You worshipped Trog.
Trog was pleased with you.
You were hungry.

You visited 1 branch of the dungeon, and saw 2 of its levels.

You collected 106 gold pieces.

Inventory:

Hand Weapons
 a - a +0 falchion (weapon)
Jewellery
 f - an uncursed amulet of rage {unknown}
Scrolls
 i - a scroll of fog {unknown}
 k - a scroll of random uselessness {unknown}
 n - a scroll of identify {unknown}
 o - a scroll of enchant weapon {unknown}
Potions
 c - a potion of lignification {unknown}
 d - 2 potions of haste {unknown}
 e - a potion of might {unknown}
 h - 2 potions of heal wounds {unknown}
 l - a potion of curing {unknown}
Books
 j - a book of Cantrips

   Spells                             Type                      Level
   a - Confusing Touch                Hexes                        1
   b - Animate Skeleton               Necromancy                   1
   c - Summon Small Mammal            Summoning                    1
   d - Apportation                    Translocation                1
   Trog disapproves of the use of such an item.
Comestibles
 b - 2 bread rations
 g - a slice of pizza
 m - 2 chunks of flesh


   Skills:
 + Level 4.0 Fighting
 + Level 4.1 Long Blades
 + Level 3.6 Dodging


You had 3 spell levels left.
You didn't know any spells.

Dungeon Overview and Level Annotations

Branches:
Dungeon (2/15)

Altars:
Fedhas
Gozag
Hepliaklqana
Sif Muna
Yredelemnul

Annotations:
D:2 Sigmund


Innate Abilities, Weirdness & Mutations

Your plain brown scales are hard. (AC +5)
You cannot fit into any form of body armour.
You are cold-blooded and may be slowed by cold attacks.


Message History

The magic dart hits you!
You barely miss Sigmund.
Sigmund is heavily wounded.
Sigmund gestures at you while chanting. The puff of flame misses you.
You bump into the rock wall.
You feel a strong urge to attack something.
Sigmund closely misses you.
You feel less confused.
You are no longer berserk.
Trog's vigour flows through your veins.
You are exhausted.
You feel yourself slow down.
Sigmund hits you from afar with a scythe of flaming.
* * * LOW HITPOINT WARNING * * *
Sigmund burns you.
* * * LOW HITPOINT WARNING * * *
Sigmund hits you with a scythe of flaming!
* * * LOW HITPOINT WARNING * * *
Sigmund burns you.
You die...

#..# #.##.##..).÷<÷.# #...# #.....# ###.###
#...........##.# #.#.###.....# #.....#
##..........##.#####...........###########
##.....####.#.#......##............................
#.....).....#........#####.##.#####......(.......##
#......######.#...#### #.##.# ##############.##
#......# ##.##.## #.##.. #.## #.##.### ##...#.##
#.##### ###.#. #.##.######..#....# ###.### #.....
#.....##.......##.######...).# ##########...†.
###......##.#####........###.# #..............
#...#####.# #........# #.# #.########..... ###.#
#.# #.######.###.# #.###########.. #.# #.# #.#
#.....# ##.......###8### #.# #.. ... ###.###
#...######._._.# #.# ### #.## #.............
#.#......##...## #.# #. ######.######.
#....###.##⌠.⌠## #.# #. #.. ###..# #..##'### #.#
### ##.###.##..# ####.########.#.# #.....##†.###
#........@@.....# ###.##.[##..# #.##....####.####
#.##.##_._. #.#####.# #.##.#..... #.# #.#
#.##.P.P.⌠. #.# #.# #....##.P.P #.# #.# ####.####'#
#.# #.# ## #.##...) #.## ..# .# #.##.### #..# ###
###.## # #.##.# ##.# ##....## .# #....# #.#
##......... ####.# #.# #####.....##.### ######)###
#.##.# #..)........... ......<.... #)##.#
#.###.....##.################. #.##.# ### #.#
##....#†##.......>.(...(.. #.##.# ##.#####.#
##....# #.############### #..#.# #........# #.#.##
#.# ##.#.# ##.####### #.#.# #.# #.#.# #.# #.#.# #.#
#.#.# #.# #.#.# #.# #...# #.# #.#.# #.#


You could see Sigmund.

Vanquished Creatures
  Robin (D:2)
  3 adders (D:2)
  An ooze (D:1)
  A dart slug (D:1)
  3 giant cockroaches
  16 goblins
  9 hobgoblins
  3 jackals (D:1)
  A quokka (D:2)
  3 bats
  4 frilled lizards (D:1)
  3 kobolds
  4 rats
52 creatures vanquished.

Notes
Turn   | Place    | Note
-------+----------+-------------------------------------------
     0 | D:1      | zxpr0jk the Draconian Berserker began the quest for the Orb.
     0 | D:1      | Reached XP level 1. HP: 19/19 MP: 1/1
   289 | D:1      | Reached XP level 2. HP: 13/26 MP: 2/2
   644 | D:1      | Reached XP level 3. HP: 19/31 MP: 3/3
   750 | D:2      | Noticed Robin
   750 | D:2      | Reached ** piety under Trog
   976 | D:2      | Killed Robin
  1102 | D:2      | Reached XP level 4. HP: 34/40 MP: 4/4
  1175 | D:2      | Found a basalt altar of Yredelemnul.
  1175 | D:2      | Found a deep blue altar of Sif Muna.
  1176 | D:2      | Found an opulent altar of Gozag.
  1315 | D:2      | Found a blossoming altar of Fedhas.
  1315 | D:2      | Found a hazy altar of Hepliaklqana.
  1462 | D:2      | Noticed Sigmund
  1487 | D:2      | HP: 1/40 [Sigmund/scythe of flaming (8)]
  1487 | D:2      | Slain by Sigmund

Vault maps used:
D:1:      dpeg_arrival_tiny_a, nrook_uturn
D:2:      gammafunk_temple_overflow_forgotten, gammafunk_temple_overflow_statue,
          uniq_robin, uniq_sigmund

Skill      XL: |  1  2  3  4 |
---------------+-------------+-----
Dodging        | 3 |  3.6
Long Blades    | 4 |  4.1
Fighting       | 4 |  4.0

Action                   |  1- 3 |  4- 6 || total
-------------------------+-------+-------++-------
Melee: Falchion          |   112 |    46 ||   158
       Tailslap          |    15 |     7 ||    22
Invok: Berserk           |       |     1 ||     1
 Stab: Sleeping          |     1 |       ||     1
  Eat: Chunk             |     1 |     1 ||     2
Armor: Skin              |    42 |     7 ||    49
Dodge: Dodged            |    95 |    46 ||   141
       Rpst.: Falchion   |    36 |    14 ||    50
